 Dungeon Crawl Stone Soup version 0.27.1-33-g824d729ab1 (webtiles) character file.

Game seed: 16904774447432540246

30255 pkoi the Arsonist (level 13, -5/102 HPs)
             Began as a Red Draconian Conjurer on Nov 29, 2021.
             Was a High Priest of Sif Muna.
             Slain by an elephant (9 damage)
             ... on level 3 of the Lair of Beasts.
             The game lasted 00:41:39 (26207 turns).

pkoi the Arsonist (Red Draconian Conjurer)         Turns: 26207, Time: 00:41:39

Health: -5/102     AC: 13    Str:  9    XL:     13   Next: 19%
Magic:  22/22      EV: 14    Int: 22    God:    Sif Muna [*****.]
Gold:   735        SH:  0    Dex: 14    Spells: 5/24 levels left

rFire    + . .     SeeInvis +   v - +3 dagger (venom)
rCold    + + .     Faith    .   (no shield)
rNeg     . . .     Spirit   .   (armour unavailable)
rPois    +         Reflect  .   (helmet restricted)
rElec    .         Harm     .   g - +2 cloak
rCorr    .         Rampage  .   (no gloves)
Will     .....                  A - +1 pair of boots
Stlth    ++........             j - amulet of magic regeneration
HPRegen  0.27/turn              f - ring "Wuezi" {rC++ Dex+2 SInv}
MPRegen  0.43/turn              h - ring of poison resistance

@: about to teleport
A: breathe fire, AC +8, unfitting armour, fire resistance 1, cold-blooded
a: Breathe Fire, Renounce Religion, Channel Magic, Forget Spell, Divine Exegesis


You were on level 3 of the Lair of Beasts.
You worshipped Sif Muna.
Sif Muna was extremely pleased with you.
You visited 3 branches of the dungeon, and saw 15 of its levels.
You also visited: Ice Cave.

You collected 966 gold pieces.
You spent 231 gold pieces at shops.

Inventory:

Hand Weapons
 v - a +3 dagger of venom (weapon)
 C - a +0 quarterstaff of freezing
Missiles
 t - 3 throwing nets
Armour
 g - a +2 cloak (worn)
 A - a +1 pair of boots (worn)
Magical Staves
 i - a staff of fire
Jewellery
 b - a ring of protection from fire
 f - the ring "Wuezi" (left hand) {rC++ Dex+2 SInv}
   (You acquired it on level 7 of the Dungeon)

   [ring of see invisible]

   Dex:       It affects your dexterity (+2).
   rC:        It greatly protects you from cold.
   SInv:      It lets you see invisible.
 h - a ring of poison resistance (right hand)
 j - an amulet of magic regeneration (around neck)
 B - a ring of ice
Wands
 a - a wand of flame (41)
 o - a wand of charming (7)
 y - a wand of paralysis (1)
Scrolls
 c - a scroll of brand weapon
 e - a scroll of fog
 l - 5 scrolls of teleportation
 p - 3 scrolls of enchant armour
 r - 3 scrolls of enchant weapon
 x - 2 scrolls of blinking
 D - a scroll of fear
 F - a scroll of summoning
Potions
 d - 2 potions of brilliance
 k - a potion of ambrosia
 m - 6 potions of curing
 n - 4 potions of haste
 q - 2 potions of berserk rage
 s - a potion of resistance
 u - 5 potions of heal wounds
 w - a potion of magic
 z - 3 potions of might
 E - 3 potions of flight


   Skills:
 + Level 5.7 Fighting
 - Level 4.6 Staves
 + Level 5.2 Dodging
 - Level 1.7 Stealth
 - Level 6.0 Spellcasting
 + Level 10.4 Conjurations
 - Level 2.8 Hexes
 - Level 3.9 Translocations
 - Level 5.8 Transmutations
 + Level 10.5 Fire Magic
 - Level 6.5 Air Magic
 + Level 5.3 Earth Magic
 - Level 6.4 Poison Magic
 + Level 7.8 Invocations


You had 5 spell levels left.
You knew the following spells:

 Your Spells              Type           Power      Damage    Failure   Level
a - Magic Dart            Conj           100%       1d8       1%          1
b - Searing Ray           Conj           100%       3d7       1%          2
c - Mephitic Cloud        Conj/Pois/Air  41%        N/A       1%          3
d - Dazzling Flash        Conj/Hex       70%        N/A       1%          3
e - Ignite Poison         Fire/Tmut/Pois 40%        N/A       1%          3
f - Blink                 Tloc           N/A        N/A       2%          2
g - Bolt of Magma         Conj/Fire/Erth 22%        4d11      7%          5

Your spell library contained the following spells:

 Spells                   Type           Power      Damage    Failure   Level
 Beastly Appendage        Tmut           64%        N/A       1%          1
 Sting                    Tmut/Pois      100%       1d8       1%          1
 Stone Arrow              Conj/Erth      82%        3d12      1%          3
 Corona                   Hex            21%        N/A       2%          1
 Corpse Rot               Necr/Air       N/A        N/A       3%          2
 Iskenderun's Mystic Bla  Conj/Tloc      38%        2d9       4%          4
 Fulminant Prism          Conj/Hex       17%        3d11      6%          4
 Ensorcelled Hibernation  Hex/Ice        24%        N/A       8%          2
 Tukima's Dance           Hex            19%        N/A       9%          3
 Passage of Golubria      Tloc           N/A        N/A       19%         4
 Yara's Violent Unravell  Hex/Tmut       12%        3d7       38%         5
 Manifold Assault         Tloc           23%        N/A       45%         5
 Dispel Undead            Necr           6%         3d8       65%         4
 Storm Form               Tmut/Air       16%        N/A       99%         7
 Death Channel            Necr           3%         N/A       100%        6
 Lehudib's Crystal Spear  Conj/Erth      20%        10d6      100%        8
 Animate Armour           Summ/Erth      Unusable   N/A       N/A         4

Dungeon Overview and Level Annotations

Branches:
Dungeon (11/15)            Temple (1/1) D:6            Lair (3/6) D:8
 Shoals (0/4) Lair:3          Orc (0/2) D:9           IceCv (visited)
  Snake: Lair:2-4    Spider: Lair:2-4

Altars:
Ashenzari
Cheibriados
Dithmenos
Elyvilon
Fedhas
Gozag
Hepliaklqana
Kikubaaqudgha
Makhleb
Nemelex Xobeh
Okawaru
Qazlal
Ru
Sif Muna
Trog
Uskayaw
Vehumet
Wu Jian
Xom
Yredelemnul
Zin
The Shining One

Shops:
D:3 !*[[[   D:10 *


Innate Abilities, Weirdness & Mutations

You can breathe blasts of fire.
Your fiery red scales are hard. (AC +8)
You cannot fit into any form of body armour.
Your flesh is heat resistant. (rF+)
You are cold-blooded and may be slowed by cold attacks.


Message History

The yak barely misses you.
The yak is engulfed in blazing flames.
The yak closely misses you.
Casting: Ignite Poison (safe; 1% risk of failure)
Confirm with . or Enter, or press ? or * to list all spells.
You ignite the poison in your surroundings!
The yak seems to burn from within!!!
You kill the yak!
Sif Muna accepts your kill.
The yak seems to burn from within!!!!
You kill the yak!
Sif Muna accepts your kill.
You barely miss the yak.
The yak is heavily wounded.
The yak gores you!
* * * LOW HITPOINT WARNING * * *
You hit the yak.
The yak is poisoned.
The yak is heavily wounded.
The yak gores you!
* * * LOW HITPOINT WARNING * * *
You see here a yak corpse.
The yak gores you!
* * * LOW HITPOINT WARNING * * *
The yak looks more healthy.
You have got your breath back.
The elephant trumpets!
The elephant tramples you.
* * * LOW HITPOINT WARNING * * *
You hold your ground!
The elephant trunk-slaps you.
* * * LOW HITPOINT WARNING * * *
The elephant tramples you but does no damage.
The elephant trunk-slaps you but does no damage.
The elephant tramples you!
* * * LOW HITPOINT WARNING * * *
You hold your ground!
The elephant trunk-slaps you.
* * * LOW HITPOINT WARNING * * *
The elephant tramples you but does no damage.
The elephant trunk-slaps you but does no damage.
As you read the scroll of teleportation, it crumbles to dust.
You feel strangely unstable. The elephant tramples you!
You die...

#.#.#P#....÷<##†##≈##
............#.#†#
.........P.#.##.##
.........#....#†.#
##....#.#.#.....## ###
#.#........#....#...#..
#.....Y##..............
#..#.##....##...###..#..
##... ##.P###..@# ..#
...# #.####.PY# ## .#.
#...YPYY.### .
#÷÷...Y....#
##÷####..P...#
##.#..#.....P..
#.>...........#
#...#.#....#.##
#..#.##..###.#


You could see 2 elephants and 3 yaks.

Vanquished Creatures
  Fannar (Lair:2)
  Harold (D:8)
  Erica (D:8)
  3 hydras
  A centaur warrior (D:9)
  3 two-headed ogres
  Pikel (D:6)
  A cyclops (D:11)
  2 elephants (Lair:3)
  An ice statue (IceCv)
  Maurice (D:8)
  2 gargoyles
  7 cane toads
  An unseen horror (D:11)
  2 komodo dragons
  An ice devil (IceCv)
  2 entropy weaver simulacra (IceCv)
  A polar bear (Lair:2)
  A troll (D:11)
  A hornet (D:10)
  5 slime creatures (D:11)
  8 blink frogs
  A shadow (D:11)
  25 yaks
  5 basilisks
  A wyvern (D:11)
  2 steam dragons
  4 death yak simulacra (IceCv)
  3 acid dragons
  7 water moccasins
  A swamp drake (D:9)
  A sky beast (D:5)
  3 orc warriors
  A necrophage (D:7)
  2 black bears (Lair:2)
  3 ogres
  14 wolves
  8 centaurs
  A kobold brigand (D:10)
  8 bullfrogs
  3 scorpions
  2 gnoll sergeants (D:9)
  7 two-headed ogre simulacra (IceCv)
  3 elephant simulacra (IceCv)
  A water moccasin skeleton (D:7)
  6 killer bees (D:11)
  13 wights
  4 electric eels
  3 howler monkeys
  A bullfrog zombie (D:7)
  A gnoll shaman (D:7)
  3 hounds
  4 jellies
  A centaur skeleton (D:7)
  12 orc priests
  A bullfrog skeleton (D:5)
  4 centaur zombies
  Crazy Yiuf (D:5)
  Ijyb (D:5)
  5 hell rats (Lair:1)
  5 iguanas
  13 orc wizards
  2 spriggan simulacra (IceCv)
  A polar bear simulacrum (IceCv)
  8 troll simulacra (IceCv)
  2 wolf simulacra (IceCv)
  A howler monkey zombie (D:9)
  4 adders
  10 gnolls
  3 naga simulacra (IceCv)
  10 white imps
  5 ufetubi (IceCv)
  2 worms
  4 dart slugs
  43 orcs
  11 ball pythons
  12 endoplasms
  A giant cockroach (D:3)
  9 goblins
  4 hobgoblins
  15 kobolds
  2 quokkas
  8 bats
  5 frilled lizards
  6 rats
399 creatures vanquished.

Vanquished Creatures (collateral kills)
  An orc (D:7)
1 creature vanquished.

Vanquished Creatures (others)
  22 fungi
  113 plants
135 creatures vanquished.

Grand Total: 535 creatures vanquished

Notes
Turn   | Place    | Note
-------+----------+-------------------------------------------
     0 | D:1      | pkoi the Draconian Conjurer began the quest for the Orb.
     0 | D:1      | Reached XP level 1. HP: 14/14 MP: 3/3
   532 | D:1      | Reached XP level 2. HP: 20/20 MP: 0/5
   781 | D:1      | Learned a level 2 spell: Searing Ray
  1419 | D:1      | Reached XP level 3. HP: 26/26 MP: 2/7
  2237 | D:2      | Reached XP level 4. HP: 33/33 MP: 3/8
  2908 | D:3      | Found Moxum's Armour Boutique.
  2910 | D:3      | Found Seyze's Assorted Antiques.
  2916 | D:3      | Reached skill level 5 in Conjurations
  3156 | D:3      | Reached XP level 5. HP: 38/38 MP: 6/10
  3344 | D:3      | Learned a level 3 spell: Mephitic Cloud
  3348 | D:3      | Learned a level 3 spell: Dazzling Flash
  3351 | D:3      | Found Wyitt's Antique Armour Shop.
  3427 | D:3      | Found a faded altar of an unknown god.
  3512 | D:3      | Found a burning altar of Makhleb.
  3642 | D:3      | Found Deddocil's Distillery.
  3683 | D:3      | Found Fixakeme's Armour Shoppe.
  4096 | D:4      | Reached skill level 1 in Air Magic
  4102 | D:4      | Identified the +10 dagger "Ocru Jun" {antimagic, rCorr
                  | Int+4}
  4195 | D:4      | Found a stormy altar of Qazlal.
  4334 | D:4      | Reached XP level 6. HP: 45/45 MP: 11/11
  4337 | D:4      | Reached skill level 1 in Hexes
  4337 | D:4      | Reached skill level 1 in Fire Magic
  4337 | D:4      | Reached skill level 1 in Poison Magic
  4536 | D:4      | Found a shimmering blue altar of Sif Muna.
  4540 | D:4      | Noticed an orc warrior
  4576 | D:4      | HP: 2/45 [poisoned by miscasting Mephitic Cloud]
  4578 | D:4      | Killed an orc warrior
  4877 | D:4      | Found a bloodstained altar of Trog.
  4887 | D:4      | Got Sif Muna's Tome of Transformation
  5142 | D:4      | Became a worshipper of Sif Muna the Loreminder
  5158 | D:5      | Entered Level 5 of the Dungeon
  5196 | D:5      | Your scales start taking on a fiery red colour.
  5196 | D:5      | Reached XP level 7. HP: 27/50 MP: 6/13
  5196 | D:5      | Gained mutation: Your flesh is heat resistant. (rF+) [Red
                  | Draconian growth]
  5215 | D:5      | Reached skill level 1 in Invocations
  5330 | D:5      | Noticed Ijyb
  5339 | D:5      | Paralysed by Ijyb for 5 turns
  5348 | D:5      | Killed Ijyb
  5529 | D:5      | Learned a level 3 spell: Ignite Poison
  5595 | D:5      | Found a shimmering altar of Xom.
  5595 | D:5      | Found a shimmering altar of Xom.
  5610 | D:5      | Found a shimmering altar of Xom.
  5723 | D:5      | Reached skill level 1 in Transmutations
  5963 | D:5      | Identified the +5 hunting sling "Oluovvi" {flame, rF+}
  6847 | D:5      | Reached XP level 8. HP: 49/57 MP: 10/14
  6950 | D:5      | Found a runed translucent door.
  6951 | D:5      | Noticed Crazy Yiuf
  7211 | D:5      | Killed Crazy Yiuf
  7547 | D:6      | Found a staircase to the Ecumenical Temple.
  7796 | D:6      | Reached * piety under Sif Muna
  8396 | D:6      | Noticed Pikel
  8404 | D:6      | Killed Pikel
  8405 | D:6      | Reached skill level 5 in Fire Magic
  8405 | D:6      | Reached XP level 9. HP: 52/62 MP: 15/15
  9197 | Temple   | Entered the Ecumenical Temple
  9401 | D:7      | Identified a scroll of acquirement
  9401 | D:7      | Acquired the ring "Wuezi" {rC++ Dex+2 SInv}
  9556 | D:7      | Found a broken altar of Ashenzari.
  9769 | D:7      | Reached skill level 5 in Air Magic
  9917 | D:7      | You fall into a shaft and drop 3 floors!
  9917 | D:10     | Entered Level 10 of the Dungeon
 10291 | D:10     | Found a radiant altar of Vehumet.
 10682 | D:10     | Reached skill level 5 in Poison Magic
 11364 | D:9      | Reached XP level 10. HP: 32/69 MP: 10/16
 11373 | D:9      | Reached skill level 5 in Transmutations
 11699 | D:9      | Noticed a centaur warrior
 11790 | D:9      | Killed a centaur warrior
 11930 | D:9      | Learned a level 2 spell: Blink
 12653 | D:3      | Bought a potion of heal wounds for 55 gold pieces
 12653 | D:3      | Bought a potion of berserk rage for 55 gold pieces
 12653 | D:3      | Bought a potion of magic for 88 gold pieces
 12653 | D:3      | Bought a potion of attraction for 33 gold pieces
 13501 | D:7      | Reached ** piety under Sif Muna
 13577 | D:8      | Noticed a two-headed ogre
 13588 | D:8      | Killed a two-headed ogre
 13589 | D:8      | Reached skill level 1 in Translocations
 13649 | D:8      | Noticed Maurice
 13671 | D:8      | Killed Maurice
 13710 | D:8      | Found an iron altar of Okawaru.
 13741 | D:8      | Found a staircase to the Lair.
 13991 | D:8      | Found an opulent altar of Gozag.
 14031 | D:8      | Noticed Harold
 14067 | D:8      | Killed Harold
 14498 | D:8      | Noticed Erica
 14513 | D:8      | Killed Erica
 14514 | D:8      | Reached XP level 11. HP: 23/74 MP: 15/18
 14605 | D:8      | Reached skill level 5 in Spellcasting
 14929 | D:8      | Found a sparkling altar of Nemelex Xobeh.
 14994 | D:8      | Found a snail-covered altar of Cheibriados.
 14994 | D:8      | Found a hazy altar of Hepliaklqana.
 15265 | D:9      | Found a glowing silver altar of Zin.
 15520 | D:9      | Found a staircase to the Orcish Mines.
 15539 | D:9      | Reached *** piety under Sif Muna
 16227 | D:10     | Reached skill level 5 in Invocations
 16678 | D:10     | Learned a level 5 spell: Bolt of Magma
 16681 | D:10     | Found Yfios's Lightly-Used Armoury.
 17083 | D:11     | Noticed a two-headed ogre
 17089 | D:11     | Killed a two-headed ogre
 17090 | D:11     | Reached skill level 1 in Fighting
 17090 | D:11     | Reached skill level 1 in Earth Magic
 17313 | D:11     | Found a frozen archway.
 17331 | IceCv    | Entered an ice cave
 18236 | IceCv    | Reached **** piety under Sif Muna
 18529 | IceCv    | Reached skill level 1 in Staves
 18585 | IceCv    | HP: 1/79 [entropy weaver simulacrum (11)]
 19158 | IceCv    | Noticed a reaper
 19738 | D:11     | Noticed a two-headed ogre
 19761 | D:11     | Killed a two-headed ogre
 19762 | D:11     | Reached XP level 12. HP: 62/89 MP: 16/21
 21214 | Lair:1   | Entered Level 1 of the Lair of Beasts
 21840 | Lair:1   | Found a shadowy altar of Dithmenos.
 22243 | Lair:1   | Noticed a six-headed hydra
 22253 | Lair:1   | Killed a six-headed hydra
 22474 | Lair:1   | Noticed a six-headed hydra
 22658 | Lair:1   | Killed a six-headed hydra
 22659 | Lair:1   | Reached skill level 10 in Conjurations
 23130 | Lair:1   | HP: 1/92 [blink frog (13)]
 23581 | Lair:1   | Reached skill level 10 in Fire Magic
 23586 | Lair:1   | Reached skill level 5 in Fighting
 23697 | Lair:2   | Noticed Fannar
 23703 | Lair:2   | Killed Fannar
 23713 | Lair:2   | Identified the +8 great mace of Uxkirea {antimagic, rC-
                  | Dex+4}
 23925 | Lair:2   | Noticed a six-headed hydra
 23930 | Lair:2   | Killed a six-headed hydra
 24950 | Lair:2   | Reached XP level 13. HP: 96/101 MP: 18/22
 25156 | Lair:3   | Reached skill level 5 in Earth Magic
 25632 | Lair:3   | Found a staircase to the Shoals.
 25634 | Lair:3   | Reached skill level 5 in Dodging
 25642 | Lair:3   | Reached ***** piety under Sif Muna
 26203 | Lair:3   | HP: 4/102 [elephant (12)]
 26207 | Lair:3   | Slain by an elephant

Illustrated notes

Levels and vault maps discovered:
D:1:      amcnicky_arrival_single_pillar, layout_loops_ring, roderic_lattice_a,
          chequers_garden
D:2:      layout_basic, serial_rivers, chequers_serial_rivers_small_b,
          chequers_serial_rivers_micro_c, chequers_serial_rivers_room_a,
          chequers_serial_rivers_marsh, chequers_serial_rivers_large_b,
          grunt_decor_junction, minmay_pentomino_v4
D:3:      corexii_shack_village, layout_rooms, lemuel_coloured_pillars_altar,
          ebering_ecumenical_altar_hall, serial_shops,
          nicolae_shop_behind_doors, nicolae_shop_stone, shop_statue,
          nicolae_diamond_shop, nicolae_shop_stone, kennysheep_generic_room_4
D:4:      minmay_octagon_keep, layout_loops_cross,
          nzn_overflow_gifts_of_might_and_magic, mainiacjoe_overflow_catwalk
D:5:      layout_loops_ring, xom_redecorated, hangedman_abyss_or_decor_passed,
          uniq_crazy_yiuf_cottage, uniq_ijyb
D:6:      layout_basic, minmay_temple_entry_gardened_gates, serial_bayou,
          serial_bayou_lagoon_b, serial_bayou_pond_e, serial_bayou_shore_a,
          serial_bayou_pond_c, serial_bayou_lagoon_a, serial_bayou_crossing,
          uniq_pikel
D:7:      layout_basic, mainiacjoe_overflow_six_doors_small
D:8:      layout_rooms, nemelex_spade_bored_becter,
          nicolae_gozag_cash_rules_everything_around_me,
          okawaru_metal_pillars_1_2, gammafunk_temple_overflow_wave,
          minmay_misc_feat_alley, minmay_lizard_king, uniq_erica, uniq_maurice,
          uniq_harold
D:9:      layout_stronghold, mainiacjoe_overflow_alcove_2, erik_orc_1,
          kennysheep_generic_room_14
D:10:     layout_loops_ring, mainiacjoe_overflow_concentric_impassable,
          minmay_shop_damaged, small_statue_alley_a
D:11:     layout_basic, portal_ice_cave_entry_pillars_2
Temple:   compressed_dpeg_triangle_lava_temple
Lair:1:   layout_gridlike, basic_altar
Lair:2:   layout_misc_corridors, gammafunk_lair_bear_cave, uniq_fannar
Lair:3:   wander_river, layout_loops_ring, shoals_dummy_entry,
          grunt_megastairs_5

Skill      XL: |  1  2  3  4  5  6  7  8  9 10 11 12 13 |
---------------+----------------------------------------+-----
Spellcasting   | 3 4 6 |  6.0
Conjurations   | 5 6 7 8 9 10 | 10.4
Air Magic      | 1 2 4 5 6 |  6.5
Hexes          | 1 2 |  2.8
Fire Magic     | 2 3 5 6 8 9 10 | 10.5
Poison Magic   | 2 4 5 6 |  6.4
Invocations    | 2 4 6 7 |  7.8
Transmutations | 1 3 4 5 |  5.8
Translocations | 2 3 |  3.9
Dodging        | 3 4 5 |  5.2
Fighting       | 3 5 |  5.7
Earth Magic    | 2 4 5 |  5.3
Staves         | 2 4 |  4.6
Stealth        | |  1.7

Action                   |  1- 3 |  4- 6 |  7- 9 | 10-12 | 13-15 || total
-------------------------+-------+-------+-------+-------+-------++-------
Melee: Unarmed           |     7 |       |       |       |       ||     7
       Short sword       |    12 |    20 |       |       |       ||    32
       Dagger            |       |    25 |    95 |   247 |   117 ||   484
       Tailslap          |       |     3 |    16 |    40 |    13 ||    72
       Staff             |       |       |       |    58 |       ||    58
 Fire: Hunting sling     |       |       |     2 |       |       ||     2
 Cast: Magic Dart        |    87 |   124 |    57 |   144 |       ||   412
       Searing Ray       |       |     7 |    24 |    68 |       ||    99
       Mephitic Cloud    |       |     2 |     1 |    13 |     2 ||    18
       Ignite Poison     |       |       |     1 |    31 |     7 ||    39
       Bolt of Magma     |       |       |       |    21 |       ||    21
       Blink             |       |       |       |     1 |       ||     1
 Abil: Breathe Fire      |       |       |    11 |    40 |     6 ||    57
  Use: Scroll            |       |       |     9 |    13 |     1 ||    23
       Potion            |       |       |       |     4 |     1 ||     5
 Stab: Sleeping          |       |     2 |     1 |     2 |       ||     5
       Distracted        |       |       |       |     1 |       ||     1
Armor: Skin              |    10 |    27 |    63 |   254 |    70 ||   424
Dodge: Dodged            |    14 |    28 |    97 |   319 |   134 ||   592
